 Dungeon Crawl Stone Soup version 0.31.0-11-ge490571c62 (webtiles) character file.

Game seed: 3373618057562518168

16087 Ruich the Blocker (level 12, -2/94 HPs)
             Began as a Djinni Fire Elementalist on Feb 5, 2024.
             Was an Initiate of Gozag.
             Killed from afar by a bog body (32 damage)
             ... with a bolt of cold
             ... on level 2 of the Lair of Beasts.
             The game lasted 00:59:08 (13776 turns).

Ruich the Blocker (Djinni Fire Elementalist)       Turns: 13776, Time: 00:59:09

Health: -2/94      AC:  8    Str:  7    XL:     12   Next: 65%
Gold:   765        EV: 17    Int: 21    God:    Gozag SH: 15 Dex: 27

rFire   + + +        s - +1 whip (elec)
rCold   . . .        j - +0 kite shield
rNeg    . . .        n - +1 robe {Will+}
rPois   ∞            (no helmet)
rElec   +            w - +1 cloak
rCorr   +            l - +2 pair of gloves
SInv    .            (boots unavailable)
Will    ++...        q - amulet of regeneration
Stlth   +++          D - +6 ring of dexterity
HPRegen 1.15/turn    d - +6 ring of dexterity
MPRegen 0.00/turn

%: infuse magic (-3 HP)
@: mighty, resistant, flying, studying Shields, invisible
A: sickness immunity, fire resistance 2, cold vulnerability 1, float, innate
caster, HP casting, extra vitality 1
a: Renounce Religion, Potion Petition, Call Merchant, Bribe Branch


You were on level 2 of the Lair of Beasts.
You worshipped Gozag.
Gozag was pleased with you.
You visited 3 branches of the dungeon, and saw 13 of its levels.
You also visited: Bailey.

You collected 2440 gold pieces.
You spent 780 gold pieces at shops.
You paid 895 gold pieces to Gozag.


Innate Abilities, Weirdness & Mutations

You are immune to sickness and miasma.
You are immune to poison.
Your flesh is very heat resistant. (rF++)
You are vulnerable to cold. (rC-)
You float through the air rather than walking.
You learn spells naturally, not from books.
Your magical power is your life essence.
You have superior vitality. (+4 MHP)


   Skills:
 + Level 11.7 Fighting
 - Level 7.1 Dodging
 - Level 1.5 Stealth
 + Level 12.0 Shields
 + Level 9.6 Spellcasting
 + Level 9.6 Conjurations
 + Level 9.6 Hexes
 + Level 9.6 Summonings
 + Level 9.6 Necromancy
 + Level 9.6 Translocations
 + Level 9.6 Fire Magic
 + Level 9.6 Ice Magic
 + Level 9.6 Air Magic
 + Level 9.6 Earth Magic
 + Level 9.6 Alchemy


You knew the following spells:

 Your Spells              Type           Power      Damage    Failure   Level
a - Curse of Agony        Necr           50%        N/A       12%         5
f - Foxfire               Conj/Fire      100%       2x1d9     1%          1
r - Inner Flame           Hex/Fire       50%        N/A       1%          3
s - Searing Ray           Conj           100%       2d8       1%          2
x - Scorch                Fire           100%       2d9       1%          2
z - Sting                 Conj/Alch      100%       1d9       1%          1
B - Blink                 Tloc           100%       N/A       1%          2
X - Summon Blazeheart Go  Fire/Summ      50%        N/A       4%          4
Y - Volatile Blastmotes   Fire/Tloc      100%       2d18      1%          3
Z - Flame Wave            Conj/Fire      50%        2d12      4%          4
Your spell library was empty.

Inventory:

Hand Weapons
 s - a +1 whip of electrocution (weapon)
Missiles
 e - 27 poisoned darts (quivered)
 o - a throwing net {=f}
 t - 8 javelins
Armour
 j - a +0 kite shield (worn)
 l - a +2 pair of gloves (worn)
 n - a +1 robe of willpower (worn)
 u - a +2 ring mail of fire resistance
 w - a +1 cloak (worn)
 C - a +1 robe of cold resistance
Jewellery
 d - a +6 ring of dexterity (right hand)
 q - an amulet of regeneration (around neck)
 D - a +6 ring of dexterity (left hand)
Wands
 a - a wand of iceblast (21)
 E - a wand of polymorph (5)
Scrolls
 f - 3 scrolls of poison
 i - 5 scrolls of teleportation {@r2}
 k - a scroll of brand weapon {unknown}
 v - 2 scrolls of enchant weapon
 y - a scroll of revelation {unknown}
 B - a scroll of fear {unknown}
Potions
 b - 2 potions of curing {@q1}
 c - a potion of mutation
 g - 7 potions of ambrosia
 h - a potion of might {unknown}
 m - a potion of berserk rage {!q}
 p - a potion of invisibility
 r - 2 potions of heal wounds {unknown}
 x - a potion of cancellation {unknown}
 z - 2 potions of brilliance

Dungeon Overview and Level Annotations

Branches:
Dungeon (10/15)            Temple (1/1) D:4            Lair (2/5) D:8
    Orc (0/2) D:9          Bailey (visited)
  Swamp: Lair:2-3    Shoals: Lair:2-3     Snake: Lair:2-3    Spider: Lair:2-3

Altars:
Ashenzari
Cheibriados
Dithmenos
Elyvilon
Fedhas
Gozag
Hepliaklqana
Makhleb
Nemelex Xobeh
Okawaru
Qazlal
Ru
Trog
Uskayaw
Wu Jian
Xom
Yredelemnul
Zin
The Shining One

Shops:
D:9 ?([

Annotations:
D:3 Terence

♣♣.............. ♣♣ ♣♣.#
#P......... ♣≈♣ ≈♣..
###........ ♣.. §♣.##
#..P##... ~.♣§♣..#
#.##### # ♣..♣♣..# #.P#
♣..♣..## ###.### ###
#.#.♣.n♣...###....P###.#
......⌠⌠@................
.PP...........P#...##..##
.#......#..P.###....####
###....##.### ##.###
##.##.... P.. #. ..#...
##...#.### ..........
......... #. .# ###P.#
#........ .....


You could see a bog body (unable to see you, combustible).


Message History

The foxfire hits the bog body.
The bog body resists.
The bog body is lightly damaged.
Casting: Foxfire (safe; 1% risk of failure)
Confirm with . or Enter, or press ? or * to list all spells.
Flames lash the bog body.
The bog body resists.
The bog body is moderately damaged.
The bog body's fire resistance burns away.
Casting: Scorch (safe; 1% risk of failure)
Confirm with . or Enter, or press ? or * to list all spells.
Flames lash the bog body.
The bog body is heavily damaged.
The bog body touches you!
* * * LOW HITPOINT WARNING * * *
The bog body freezes you!
You feel a terrible chill!
* * * LOW HITPOINT WARNING * * *
Press: ? - help, v - describe, . - travel
Here: a bog body (heavily damaged, more vulnerable to fire)
The floor.
Use which ability? (? or * to list) [a] - 840 gold - heal wounds, berserk rage, haste and resistance [b] - 240 gold - haste [c] - 440 gold - invisibility, might and resistance Purchase which effect?
You no longer have enough gold to fund merchants seeking to open stores in the dungeon.
You fade into invisibility!
You feel very mighty all of a sudden.
You feel protected.
The bog body gestures at you while chanting.
The bolt of cold hits you!!
You die...
Your body crumbles into a pile of gold.

Skill      XL: |  1  2  3  4  5  6  7  8  9 10 11 12 |
---------------+-------------------------------------+-----
Fighting       | 1 2 3 4 5 6 8 9 11 | 11.7
Spellcasting   | 4 5 6 7 8 9 |  9.6
Conjurations   | 4 5 6 7 8 9 |  9.6
Hexes          | 4 5 6 7 8 9 |  9.6
Summonings     | 4 5 6 7 8 9 |  9.6
Necromancy     | 4 5 6 7 8 9 |  9.6
Translocations | 4 5 6 7 8 9 |  9.6
Fire Magic     | 4 5 6 7 8 9 |  9.6
Ice Magic      | 4 5 6 7 8 9 |  9.6
Air Magic      | 4 5 6 7 8 9 |  9.6
Earth Magic    | 4 5 6 7 8 9 |  9.6
Alchemy        | 4 5 6 7 8 9 |  9.6
Shields        | 3 5 8 12 | 12.0
Dodging        | 3 5 7 |  7.1
Stealth        | |  1.5

Action                     |  1- 3 |  4- 6 |  7- 9 | 10-12 || total
---------------------------+-------+-------+-------+-------++-------
  Melee: Dagger            |       |       |     2 |       ||     2
         Whip              |       |       |       |     6 ||     6
   Cast: Foxfire           |    36 |    47 |    95 |   151 ||   329
         Scorch            |    13 |    33 |   118 |   216 ||   380
         Inner Flame       |       |     1 |     1 |     9 ||    11
         Volatile Blastmot |       |       |     3 |     4 ||     7
         Blink             |       |       |     8 |       ||     8
         Searing Ray       |       |       |     1 |     7 ||     8
         Summon Blazeheart |       |       |     3 |     5 ||     8
         Flame Wave        |       |       |     2 |    18 ||    20
 Invoke: Potion Petition   |       |       |     1 |     1 ||     2
  Evoke: Wand              |       |       |     1 |       ||     1
    Use: Scroll            |       |       |     6 |    12 ||    18
         Potion            |       |       |     2 |       ||     2
 Armour: Robe              |     1 |     8 |   148 |    58 ||   215
         Steam dragon scal |       |       |       |    62 ||    62
  Dodge: Dodged            |     8 |     6 |   132 |   110 ||   256
  Block: Buckler           |       |       |    56 |    27 ||    83
         Kite shield       |       |       |       |   134 ||   134

Levels and vault maps discovered:
D:1:      minmay_arrival_hallway, layout_basic, nrook_loot_triangle
D:2:      layout_loops_ring, minmay_tetromino_o2
D:3:      layout_basic, grunt_temple_overflow_open, uniq_terence
D:4:      layout_gridville, good_gods_mini_temple, minmay_temple_entry_mist,
          chequers_big_river, st_stairs_6, uniq_natasha
D:5:      layout_rooms, nicolae_ru_sacrificial_ziggurat,
          pdpol_wu_jian_five_deadly_venoms, bh_walls_and_bars
D:6:      layout_cave_pools, mainiacjoe_overflow_catwalk, ashenzari_altar_1,
          gammafunk_ghost_stat_death, uniq_edmund
D:7:      layout_basic, uniq_maggie, uniq_pikel, uniq_jeremiah
D:8:      layout_loops_ring, nicolae_dithmenos_through_a_glass_darkly,
          erik_lair_orcish_takeover, enter_bailey_3
D:9:      layout_loops_cross, lemuel_doored_altar, orc_david_3, serial_shops,
          shop, uniq_psyche
D:10:     layout_rooms, nicolae_where_there's_smoke, uniq_gastronok
Temple:   hellmonk_temple_of_storms
Lair:1:   layout_roguey, special_room [special_room_bee],
          chequers_serial_rivers_micro_e, uniq_fannar
Lair:2:   layout_small_grid, nicolae_swamp_entry_splash_gauntlet,
          guppyfry_snake_entry_garden, special_room, serial_bayou_pond_d,
          wad_woods_03

Notes
Turn   | Place    | Note
-------+----------+-------------------------------------------
     0 | D:1      | Ruich the Djinni Fire Elementalist began the quest for the
                  | Orb.
     0 | D:1      | Ruich set off with the following spells memorised: Foxfire,
                  | Scorch, Volatile Blastmotes, Inner Flame, Flame Wave.
     0 | D:1      | Reached XP level 1. HP: 15/15 MP: 0/0
   253 | D:1      | Reached XP level 2. HP: 21/22 MP: 0/0
   426 | D:1      | Reached skill level 1 in Fighting
  1035 | D:2      | Reached XP level 3. HP: 24/27 MP: 0/0
  1035 | D:2      | Learned a level 1 spell: Sting
  1361 | D:2      | Reached skill level 2 in Fighting
  1619 | D:2      | Reached XP level 4. HP: 31/33 MP: 0/0
  1907 | D:3      | Noticed Terence
  2310 | D:3      | Found an opulent altar of Gozag.
  2310 | D:3      | Found a sparkling altar of Nemelex Xobeh.
  2310 | D:3      | Found a shimmering altar of Xom.
  2310 | D:3      | Found a basalt altar of Yredelemnul.
  2497 | D:4      | Reached skill level 3 in Fighting
  2497 | D:4      | Reached skill level 4 in Spellcasting
  2497 | D:4      | Reached skill level 4 in Conjurations
  2497 | D:4      | Reached skill level 4 in Hexes
  2497 | D:4      | Reached skill level 4 in Summonings
  2497 | D:4      | Reached skill level 4 in Necromancy
  2497 | D:4      | Reached skill level 4 in Translocations
  2497 | D:4      | Reached skill level 4 in Fire Magic
  2497 | D:4      | Reached skill level 4 in Ice Magic
  2497 | D:4      | Reached skill level 4 in Air Magic
  2497 | D:4      | Reached skill level 4 in Earth Magic
  2497 | D:4      | Reached skill level 4 in Alchemy
  2497 | D:4      | Reached XP level 5. HP: 24/40 MP: 0/0
  2497 | D:4      | Learned a level 2 spell: Blink
  2630 | D:4      | Noticed an orc warrior
  2643 | D:4      | Reached XP level 6. HP: 35/47 MP: 0/0
  2715 | D:4      | Reached skill level 4 in Fighting
  2841 | D:4      | Found a glowing golden altar of the Shining One.
  2841 | D:4      | Found a white marble altar of Elyvilon.
  2841 | D:4      | Found a glowing silver altar of Zin.
  3263 | D:4      | Found a staircase to the Ecumenical Temple.
  3273 | Temple   | Entered the Ecumenical Temple
  3411 | D:3      | Became a worshipper of Gozag Ym Sagoz the Greedy
  3678 | D:4      | Noticed Natasha
  3681 | D:4      | Killed Natasha
  3738 | D:4      | Noticed Natasha
  3743 | D:4      | Killed Natasha
  3917 | D:4      | Killed an orc warrior
  3918 | D:4      | Reached XP level 7. HP: 38/53 MP: 0/0
  3918 | D:4      | Learned a level 2 spell: Searing Ray
  3980 | D:5      | Entered Level 5 of the Dungeon
  3997 | D:5      | Reached skill level 5 in Fighting
  3997 | D:5      | Reached skill level 5 in Spellcasting
  3997 | D:5      | Reached skill level 5 in Conjurations
  3997 | D:5      | Reached skill level 5 in Hexes
  3997 | D:5      | Reached skill level 5 in Summonings
  3997 | D:5      | Reached skill level 5 in Necromancy
  3997 | D:5      | Reached skill level 5 in Translocations
  3997 | D:5      | Reached skill level 5 in Fire Magic
  3997 | D:5      | Reached skill level 5 in Ice Magic
  3997 | D:5      | Reached skill level 5 in Air Magic
  3997 | D:5      | Reached skill level 5 in Earth Magic
  3997 | D:5      | Reached skill level 5 in Alchemy
  4988 | D:5      | Reached XP level 8. HP: 34/61 MP: 0/0
  4998 | D:5      | HP: 5/61 [gnoll bouda/+0 club (8)]
  5246 | D:5      | Reached skill level 6 in Fighting
  5246 | D:5      | Reached skill level 1 in Shields
  5333 | D:5      | Found a sacrificial altar of Ru.
  5512 | D:6      | Found a hazy altar of Hepliaklqana.
  5530 | D:5      | Reached skill level 2 in Shields
  5564 | D:5      | Found an ornate altar of the Wu Jian Council.
  5772 | D:6      | Found a transporter.
  5989 | D:5      | Reached skill level 6 in Spellcasting
  5989 | D:5      | Reached skill level 6 in Conjurations
  5989 | D:5      | Reached skill level 6 in Hexes
  5989 | D:5      | Reached skill level 6 in Summonings
  5989 | D:5      | Reached skill level 6 in Necromancy
  5989 | D:5      | Reached skill level 6 in Translocations
  5989 | D:5      | Reached skill level 6 in Fire Magic
  5989 | D:5      | Reached skill level 6 in Ice Magic
  5989 | D:5      | Reached skill level 6 in Air Magic
  5989 | D:5      | Reached skill level 6 in Earth Magic
  5989 | D:5      | Reached skill level 6 in Alchemy
  6069 | D:6      | Reached skill level 3 in Shields
  6119 | D:5      | Reached XP level 9. HP: 57/67 MP: 0/0
  6119 | D:5      | Learned a level 4 spell: Summon Blazeheart Golem
  6378 | D:6      | Noticed Curundu's ghost (novice MiBe)
  6433 | D:6      | Found a broken altar of Ashenzari.
  6436 | D:6      | Reached skill level 7 in Fighting
  6619 | D:6      | Noticed Edmund
  6626 | D:6      | Killed Edmund
  6627 | D:6      | Reached skill level 4 in Shields
  6957 | D:6      | Found a transporter.
  7378 | D:6      | Killed Curundu's ghost
  7379 | D:6      | Reached skill level 8 in Fighting
  7379 | D:6      | Reached skill level 5 in Shields
  7379 | D:6      | Reached skill level 7 in Spellcasting
  7379 | D:6      | Reached skill level 7 in Conjurations
  7379 | D:6      | Reached skill level 7 in Hexes
  7379 | D:6      | Reached skill level 7 in Summonings
  7379 | D:6      | Reached skill level 7 in Necromancy
  7379 | D:6      | Reached skill level 7 in Translocations
  7379 | D:6      | Reached skill level 7 in Fire Magic
  7379 | D:6      | Reached skill level 7 in Ice Magic
  7379 | D:6      | Reached skill level 7 in Air Magic
  7379 | D:6      | Reached skill level 7 in Earth Magic
  7379 | D:6      | Reached skill level 7 in Alchemy
  7582 | D:7      | Noticed Maggie
  7596 | D:7      | Killed Maggie
  7597 | D:7      | Reached skill level 3 in Dodging
  7597 | D:7      | Reached XP level 10. HP: 73/77 MP: 0/0
  7641 | D:7      | Noticed Jeremiah
  7918 | D:7      | Killed Jeremiah
  7919 | D:7      | Reached skill level 9 in Fighting
  8129 | D:7      | Reached skill level 4 in Dodging
  8222 | D:7      | Noticed Pikel
  8229 | D:7      | Killed Pikel
  8622 | D:7      | Reached skill level 5 in Dodging
  8670 | D:7      | Reached skill level 8 in Spellcasting
  8670 | D:7      | Reached skill level 8 in Conjurations
  8670 | D:7      | Reached skill level 8 in Hexes
  8670 | D:7      | Reached skill level 8 in Summonings
  8670 | D:7      | Reached skill level 8 in Necromancy
  8670 | D:7      | Reached skill level 8 in Translocations
  8670 | D:7      | Reached skill level 8 in Fire Magic
  8670 | D:7      | Reached skill level 8 in Ice Magic
  8670 | D:7      | Reached skill level 8 in Air Magic
  8670 | D:7      | Reached skill level 8 in Earth Magic
  8670 | D:7      | Reached skill level 8 in Alchemy
  9428 | D:8      | Found a shadowy altar of Dithmenos.
  9456 | D:8      | Found a flagged portal.
  9472 | Bailey   | Entered a bailey
  9673 | Bailey   | Reached XP level 11. HP: 85/85 MP: 0/0
  9673 | Bailey   | Learned a level 5 spell: Curse of Agony
  9683 | Bailey   | Reached skill level 6 in Dodging
  9748 | Bailey   | Reached skill level 10 in Fighting
  9987 | Bailey   | Noticed an orc knight
 10001 | Bailey   | Killed an orc knight
 10046 | Bailey   | Identified the +3 morningstar "Urghelione" {elec, Str+2
                  | Int+6}
 10074 | D:8      | Reached skill level 7 in Dodging
 10115 | D:8      | Found a staircase to the Lair.
 10505 | D:9      | Found Xoetwidghon's Magic Scroll Emporium.
 10512 | D:9      | Bought a scroll of acquirement for 780 gold pieces
 10513 | D:9      | Acquired a manual of Shields
 10576 | D:9      | Noticed Psyche
 10844 | D:9      | Killed Psyche
 11077 | D:9      | Reached skill level 6 in Shields
 11193 | D:9      | Noticed a two-headed ogre
 11198 | D:9      | Killed a two-headed ogre
 11388 | D:9      | Found Feng's Armour Shoppe.
 11388 | D:9      | Found a staircase to the Orcish Mines.
 11388 | D:9      | Found Duramp's Weapon Shoppe.
 11401 | D:9      | Reached skill level 7 in Shields
 11401 | D:9      | Reached skill level 9 in Spellcasting
 11401 | D:9      | Reached skill level 9 in Conjurations
 11401 | D:9      | Reached skill level 9 in Hexes
 11401 | D:9      | Reached skill level 9 in Summonings
 11401 | D:9      | Reached skill level 9 in Necromancy
 11401 | D:9      | Reached skill level 9 in Translocations
 11401 | D:9      | Reached skill level 9 in Fire Magic
 11401 | D:9      | Reached skill level 9 in Ice Magic
 11401 | D:9      | Reached skill level 9 in Air Magic
 11401 | D:9      | Reached skill level 9 in Earth Magic
 11401 | D:9      | Reached skill level 9 in Alchemy
 11548 | D:9      | Found a snail-covered altar of Cheibriados.
 11602 | D:10     | Entered Level 10 of the Dungeon
 12040 | D:10     | Reached skill level 8 in Shields
 12176 | D:10     | Reached skill level 11 in Fighting
 12369 | Lair:1   | Entered Level 1 of the Lair of Beasts
 12411 | Lair:1   | Reached XP level 12. HP: 83/94 MP: 0/0
 12451 | Lair:1   | Reached skill level 9 in Shields
 12626 | Lair:1   | Reached skill level 10 in Shields
 12926 | Lair:1   | Reached skill level 11 in Shields
 13100 | Lair:1   | Noticed Fannar
 13118 | Lair:1   | Killed Fannar
 13725 | Lair:2   | Reached skill level 12 in Shields
 13776 | Lair:2   | Killed from afar by a bog body

Vanquished Creatures
  Fannar (Lair:1)
  A two-headed ogre (D:9)
  The ghost of Curundu the Cleaver, a novice MiBe of Trog (D:6)
  An orc knight (Bailey)
  Pikel (D:7)
  2 black mambas (Lair:1)
  Maggie (D:7)
  2 cane toads (Lair:1)
  Jeremiah (D:7)
  2 komodo dragons
  Psyche (D:9)
  An unseen horror (D:10)
  A queen bee (Lair:1)
  A red devil (D:10)
  2 trolls
  2 hornets
  A shadow (D:10)
  A warg (D:8)
  7 yaks
  2 basilisks (Lair:1)
  A steam dragon (D:6)
  A water moccasin (Lair:1)
  3 black bears
  2 sky beasts
  3 ice beasts
  20 orc warriors
  An ogre (D:6)
  6 wolves
  2 centaurs (D:9)
  4 lemures (D:7)
  3 phantoms
  6 bullfrogs
  3 kobold brigands
  2 gnoll sergeants
  A scorpion (D:4)
  36 killer bees
  7 howler monkeys
  4 quasits
  2 hounds (D:5)
  2 jellies
  2 bombardier beetles (D:5)
  6 orc priests
  4 gnoll boudas
  Natasha (twice) (D:4)
  8 orc wizards
  26 gnolls
  10 adders
  A shadow imp (D:4)
  2 white imps
  3 ribbon worms
  3 dart slugs
  52 orcs
  2 bats (D:2)
  7 endoplasms
  3 giant cockroaches
  9 goblins
  6 hobgoblins
  2 quokkas
  11 ball pythons
  A frilled lizard (D:2)
  19 kobolds
320 creatures vanquished.

Vanquished Creatures (collateral kills)
  Edmund (D:6)
  A foxfire (D:4)
2 creatures vanquished.

Vanquished Creatures (others)
  An orc wizard (D:7)
  A blazeheart core (D:6)
  546 foxfires
548 creatures vanquished.

Grand Total: 870 creatures vanquished

Table legend: (Time is in decaauts)
 A = Elapsed time spent in this place.
 B = Non-inter-level travel time spent in this place.
 C = Inter-level travel time spent in this place.
 D = Time resting spent in this place.
 E = Time spent auto-exploring this place.
 F = Levels seen in this place.
 G = Mean time per level.
                   A        B        C        D        E       F      G
               +--------+--------+--------+--------+--------+-----+--------+
         Total |  13781 |  12995 |    786 |   3348 |   6052 |  14 |  984.4 |
       Dungeon |  11755 |  10996 |    759 |   2969 |   5352 |  10 | 1175.5 |
        Temple |     64 |     63 |      1 |      0 |      0 |   1 |   64.0 |
          Lair |   1376 |   1351 |     25 |    273 |    700 |   2 |  688.0 |
        Bailey |    585 |    585 |      0 |    106 |      0 |   1 |  585.0 |
               +--------+--------+--------+--------+--------+-----+--------+

Top non-repeatable levels by time:
     D:4: 2128 daAuts
     D:5: 1666 daAuts
     D:6: 1401 daAuts
     D:7: 1339 daAuts
     D:8: 1208 daAuts
  Lair:1: 1188 daAuts
     D:9: 934 daAuts
     D:2: 891 daAuts
     D:1: 778 daAuts
     D:3: 741 daAuts
    D:10: 664 daAuts
  Bailey: 585 daAuts
  Lair:2: 187 daAuts
  Temple: 64 daAuts

Table legend:
 A = Non-vault XP
 B = Vault XP
 C = Vault XP percentage of total XP
 D = Non-vault monster count
 E = Vault monster count
 F = Vault count percentage of total count
                 A         B        C        D         E       F
            +---------+---------+-------+---------+---------+-------
      Total |   13563 |    9419 |  41.0 |     234 |      84 |  26.4
            +---------+---------+-------+---------+---------+-------
        D:1 |      16 |       0 |   0.0 |      10 |       0 |   0.0
        D:2 |      51 |       3 |   5.6 |      20 |       2 |   9.1
        D:3 |      59 |       0 |   0.0 |      11 |       0 |   0.0
        D:4 |     335 |     252 |  42.9 |      28 |       3 |   9.7
        D:5 |    1091 |      45 |   4.0 |      39 |       1 |   2.5
        D:6 |    1278 |     945 |  42.5 |      31 |       5 |  13.9
        D:7 |    1057 |    1396 |  56.9 |      26 |       3 |  10.3
        D:8 |    1208 |     608 |  33.5 |      15 |      13 |  46.4
        D:9 |    2120 |     627 |  22.8 |      19 |       4 |  17.4
       D:10 |    1441 |     309 |  17.7 |      13 |       1 |   7.1
     Lair:1 |    4529 |    2710 |  37.4 |      21 |      26 |  55.3
     Lair:2 |     378 |       0 |   0.0 |       1 |       0 |   0.0
     Bailey |       0 |    2524 | 100.0 |       0 |      26 | 100.0
            +---------+---------+-------+---------+---------+-------
